 Dungeon Crawl Stone Soup version 0.21-a0-91-ga5031da (webtiles) character file.

71 Ordine the Skirmisher (level 4, -1/33 HPs)
             Began as an Octopode Fighter on June 27, 2017.
             Slain by Crazy Yiuf
             ... wielding a +4 quarterstaff of chaos
              (12 damage)
             ... on level 2 of the Dungeon.
             The game lasted 00:01:56 (1084 turns).

Ordine the Skirmisher (Octopode Fighter)            Turns: 1084, Time: 00:01:58

Health: -1/33      AC:  5    Str: 15    XL:     4   Next: 24%
Magic:  4/4        EV: 11    Int: 10    God:
Gold:   34         SH:  9    Dex: 12    Spells: 1/3 levels left

rFire    . . .     SeeInvis .   a - +0 long sword
rCold    . . .     Gourm    .   b - +0 shield
rNeg     . . .     Faith    .   (helmet restricted)
rPois    .         Spirit   .   (no amulet)
rElec    .         Reflect  .   g - +4 ring of protection
rCorr    .         Harm     .   (no ring)
MR       .....                  (no ring)
Stlth    ++........             (no ring)
HPRegen  0.11/turn              (no ring)
MPRegen  0.09/turn              (no ring)
                                (no ring)
                                (no ring)

@: no status effects
A: almost no armour, stealthy swim, amphibious, 8 rings, constrict 8, camouflage
1, gelatinous body 1
a: no special abilities


You were on level 2 of the Dungeon.
You were hungry.

You visited 1 branch of the dungeon, and saw 2 of its levels.

You collected 34 gold pieces.

Inventory:

Hand Weapons
 a - a +0 long sword (weapon)
Armour
 b - a +0 shield (worn)
Jewellery
 g - a +4 ring of protection (left tentacle)
Scrolls
 f - 2 scrolls of remove curse
Potions
 c - a potion of might
 e - 2 potions of invisibility
 h - a potion of degeneration {unknown}
 i - a potion of mutation {unknown}
 j - a potion of berserk rage {unknown}
 k - a potion of brilliance {unknown}
 o - a potion of magic {unknown}
Books
 m - a book of Minor Magic

   Spells                             Type                      Level
   a - Magic Dart                     Conjuration                  1
   b - Blink                          Translocation                2
   c - Call Imp                       Summoning                    2
   d - Slow                           Hexes                        2
   e - Conjure Flame                  Conjuration/Fire             3
   f - Mephitic Cloud                 Conjuration/Poison/Air       3
Comestibles
 d - 2 bread rations
 l - a meat ration
 n - a royal jelly


   Skills:
 + Level 3.7 Fighting
 * Level 3.3 Long Blades
 - Level 3.0 Dodging
 + Level 3.4 Shields


You had one spell level left.
You knew the following spells:

 Your Spells              Type           Power        Failure   Level  Hunger
a - Blink                 Tloc           N/A          94%         2    ###....


Dungeon Overview and Level Annotations

Branches:
Dungeon (2/15)

Altars:

Annotations:
D:2 Crazy Yiuf


Innate Abilities, Weirdness & Mutations

You cannot wear most types of armour.
You are very stealthy in the water. (Stealth+)
You are amphibious.
You can wear up to eight rings at the same time.
You can use your tentacles to constrict eight enemies at once.
Your skin changes colour to match your surroundings (Stealth+).
Your rubbery body absorbs attacks. (AC +1, EV +1)


Message History

Found two maces.
You see here a mace.
Found a runed door.
You open the door.
Crazy Yiuf the Enlightened comes into view.
He is wielding a quarterstaff of chaos.
Crazy Yiuf cries, "You leg down broken song, no?"
Found a mace.
There is an open door here.
You barely miss Crazy Yiuf. Your grab misses Crazy Yiuf.
Crazy Yiuf hits you with a quarterstaff of chaos!
You slash Crazy Yiuf! Your grab misses Crazy Yiuf.
Crazy Yiuf is moderately wounded.
Crazy Yiuf hits you with a quarterstaff of chaos.
You closely miss Crazy Yiuf. You grab Crazy Yiuf.
Crazy Yiuf is moderately wounded.
You constrict Crazy Yiuf.
Crazy Yiuf hits you with a quarterstaff of chaos!
Crazy Yiuf burns you.
Crazy Yiuf hits you with a quarterstaff of chaos!
You die...

.................................
#####.####.#+####.#..###.########
#.....# #.....##.##..##.# #
#.##### ###############.# # #.#
#.# # #.# ##♣♣♣♣♣ #.# #
#.######.P.♣.♣♣♣ #### #.# #
#.#...)..P..♣..♣#...# #.# #
#.#.#...).P♣♣♣♣.@g..# #.# #
#.#.#..#)P♣♣ ♣♣#..)# ##.# #
#.#.#..##♣♣ #### #..########
#.#.#### #>......... #......#
########### #......###########
#.........>......#
#................#
#...........######


You could see Crazy Yiuf.

Vanquished Creatures
  Terence (D:2)
  2 adders (D:2)
  An ooze (D:1)
  A leopard gecko (D:1)
  4 goblins
  5 hobgoblins (D:2)
  5 kobolds
  2 bats (D:1)
  A frilled lizard (D:1)
  2 rats (D:1)
24 creatures vanquished.

Notes
Turn   | Place    | Note
-------+----------+-------------------------------------------
     0 | D:1      | Ordine the Octopode Fighter began the quest for the Orb.
     0 | D:1      | Reached XP level 1. HP: 16/16 MP: 1/1
   127 | D:1      | Reached XP level 2. HP: 19/21 MP: 2/2
   567 | D:2      | Noticed Terence
   576 | D:2      | Reached XP level 3. HP: 21/26 MP: 3/3
   580 | D:2      | Killed Terence
   580 | D:2      | Reached XP level 4. HP: 18/31 MP: 4/4
   991 | D:2      | Learned a level 2 spell: Blink
  1076 | D:2      | Found a runed door.
  1080 | D:2      | Noticed Crazy Yiuf
  1084 | D:2      | Slain by Crazy Yiuf

Vault maps used:
D:1:      evilmike_arrival_crescent
D:2:      uniq_crazy_yiuf_cottage, uniq_terence

Skill      XL: |  1  2 |
---------------+-------+-----
Long Blades    | 3 |  3.3
Fighting       | |  3.7
Dodging        | |  3.0
Shields        | |  3.4

Action                   |  1- 3 |  4- 6 || total
-------------------------+-------+-------++-------
Melee: Long sword        |    39 |    16 ||    55
       Constrict         |     6 |     4 ||    10
       Tentacles         |     6 |     2 ||     8
  Use: Scroll            |     2 |     1 ||     3
 Stab: Sleeping          |     3 |       ||     3
Armor: Skin              |     7 |       ||     7
Dodge: Dodged            |    17 |     9 ||    26
Block: Shield            |    19 |     4 ||    23
       Rpst.: Long sword |     5 |       ||     5
